 Dungeon Crawl Stone Soup version 0.29.1-2-gbd0b4ee654 (webtiles) character file.

Game seed: 14540567131254559283

58 warriortoast the Sneak (level 3, -4/16 HPs)
             Began as a Spriggan Enchanter on Nov 21, 2022.
             Killed from afar by Natasha (9 damage)
             ... with a magic dart
             ... on level 1 of the Dungeon.
             The game lasted 00:04:25 (2263 turns).

warriortoast the Sneak (Spriggan Enchanter)         Turns: 2263, Time: 00:04:26

Health: -4/16      AC:  3    Str:  6    XL:     3   Next: 76%
Magic:  8/8        EV: 18    Int: 16    God:
Gold:   113        SH:  0    Dex: 15    Spells: 6/8 levels left

rFire   . . .      SeeInvis +   a - +1 dagger
rCold   . . .      Faith    .   (no shield)
rNeg    . . .      Spirit   .   b - +0 robe
rPois   .          Reflect  .   (helmet restricted)
rElec   .          Harm     .   d - +0 cloak
rCorr   .          Rampage  .   (gloves unavailable)
Will    .....                   (boots unavailable)
Stlth   +++.......              (no amulet)
HPRegen 0.05/turn               (no ring)
MPRegen 0.11/turn               (no ring)

@: very quick
A: very small, no large weapons, unfitting armour, see invisible, speed 3
a: no special abilities


You were on level 1 of the Dungeon.
You visited 1 branch of the dungeon, and saw 2 of its levels.

You collected 113 gold pieces.

Inventory:

Hand Weapons
 a - a +1 dagger (weapon)
Armour
 b - a +0 robe (worn)
 d - a +0 cloak (worn)
 l - the +0 robe of the Orcish Mines {rElec rF- rN+ rCorr}
   (You found it on level 2 of the Dungeon)

   rF:        It makes you vulnerable to fire.
   rElec:     It insulates you from electricity.
   rN:        It protects you from negative energy.
   rCorr:     It protects you from acid and corrosion.
Jewellery
 i - an amulet of guardian spirit
Scrolls
 e - a scroll of fear {unknown}
 h - 4 scrolls of amnesia {unknown}
 j - 2 scrolls of vulnerability {unknown}
Potions
 c - 2 potions of invisibility
 f - a potion of berserk rage {unknown}
 g - a potion of heal wounds {unknown}
 k - a potion of might
 m - a potion of brilliance {unknown}


   Skills:
 + Level 2.0 Short Blades
 + Level 3.4 Dodging
 + Level 5.1 Stealth
 + Level 3.3 Spellcasting
 + Level 4.1 Hexes


You had 6 spell levels left.
You knew the following spells:

 Your Spells              Type           Power      Damage    Failure   Level
a - Ensorcelled Hibernat  Hex/Ice        18%        N/A       12%         2

Your spell library contained the following spells:

 Spells                   Type           Power      Damage    Failure   Level
 Confusing Touch          Hex            15%        N/A       10%         3
 Tukima's Dance           Hex            15%        N/A       10%         3
 Summon Small Mammal      Summ           8%         N/A       19%         1
 Dazzling Flash           Conj/Hex       18%        N/A       24%         3
 Summon Guardian Golem    Hex/Summ       9%         N/A       24%         3
 Call Canine Familiar     Summ           2%         N/A       47%         3


Dungeon Overview and Level Annotations

Branches:
Dungeon (2/15)

Altars:

Annotations:
D:1 Natasha


Innate Abilities, Weirdness & Mutations

You are very small and have problems with some larger weapons.
You are too small for most types of armour.
You have supernaturally acute eyesight. (SInv)
You cover ground extremely quickly. (Speed+++)


Message History

Natasha closely misses you.
Casting: Ensorcelled Hibernation (safe; 12% risk of failure)
Confirm with . or Enter, or press ? or * to list all spells.
Aiming: Ensorcelled Hibernation (safe; 12% risk of failure)
Press: ? - help, Shift-Dir - straight line, f - you, p - Natasha That would be overly suicidal.
Okay, then.
Casting: Ensorcelled Hibernation (safe; 12% risk of failure)
Confirm with . or Enter, or press ? or * to list all spells.
You don't know that spell.
You hit Natasha.
Natasha is moderately wounded.
Natasha closely misses you.
You hit Natasha but do no damage.
Natasha is moderately wounded.
Natasha claws you.
You hit Natasha.
Natasha is heavily wounded.
Natasha claws you.
* * * LOW HITPOINT WARNING * * *
You barely miss Natasha.
Natasha is heavily wounded.
Natasha stares at you and mumbles some strange words.
You resist with some effort.
You miss Natasha.
Natasha is heavily wounded.
Natasha drinks a potion.
Natasha seems to grow stronger.
Natasha closely misses you.
There is a stone staircase leading up here.
Natasha barely misses you.
You climb upwards.
There is a stone staircase leading down here.
You see here 5 stones.
There is an escape hatch in the floor here.
Natasha casts a spell.
There is a stone staircase leading down here.
Natasha stares at you and mumbles some strange words.
The magic dart hits you!
Ouch! That really hurt!
You die...

............##.## ####...###....
..........####.# ###....## #####
........).# #.# ##...##.# #
.........#####.###..###..########
............h...(................
.........#####>#######..#########
>........# #.# #.## #
.........#####(#######.# #
..........h.....@..##..# #
#########..........#..## #
#รท.........#### # #..........# #
#..........# # #..........# #
#..........# # #..........# #
#..........#


You could see Natasha (strong).

Vanquished Creatures
  Natasha (D:2)
  A bat (D:2)
  4 endoplasms
  3 giant cockroaches
  3 goblins (D:1)
  3 hobgoblins (D:1)
  3 jackals (D:1)
  3 kobolds (D:1)
  A quokka (D:1)
  4 ball pythons (D:1)
  3 rats (D:1)
29 creatures vanquished.

Notes
Turn   | Place    | Note
-------+----------+-------------------------------------------
     0 | D:1      | warriortoast the Spriggan Enchanter began the quest for the
                  | Orb.
     0 | D:1      | Reached XP level 1. HP: 9/9 MP: 5/5
   576 | D:1      | Reached XP level 2. HP: 6/13 MP: 6/6
   760 | D:1      | Learned a level 2 spell: Ensorcelled Hibernation
  1741 | D:1      | Reached XP level 3. HP: 11/16 MP: 2/8
  2098 | D:2      | Identified the +0 robe of the Orcish Mines {rElec rF- rN+
                  | rCorr}
  2106 | D:2      | Noticed Natasha
  2112 | D:2      | Killed Natasha
  2113 | D:2      | Reached skill level 5 in Stealth
  2213 | D:2      | Found Eloinuank's Weapon Shop.
  2225 | D:2      | Noticed Natasha
  2263 | D:1      | Killed from afar by Natasha

Illustrated notes

Levels and vault maps discovered:
D:1:      wander_arrival_peaceful_grave, layout_rooms, serial_bayou_pond_e
D:2:      layout_basic, serial_shops, nicolae_shop_bloodbath_and_beyond,
          uniq_natasha

Skill      XL: |  1  2  3 |
---------------+----------+-----
Dodging        | 3 |  3.4
Spellcasting   | 3 |  3.3
Short Blades   | 2 |  2.0
Stealth        | 5 |  5.1
Hexes          | 4 |  4.1

Action                   || total
-------------------------++-------
Melee: Dagger            ||    80
 Cast: Ensorcelled Hiber ||    18
 Stab: Sleeping          ||    13
Armor: Robe              ||     7
Dodge: Dodged            ||    57
